[ PARTIDA AOE2 · #505850208 ]
UnrankedMongoles vs Cumans
Equipo del jugador · VICT
Equipo rival · DERR
[ ANÁLISIS DE REPETICIÓN · EXTRAÍDO DE LA PARTIDA GRABADA ]
Feudal
7:44
Castillos
20:50
Imperial
46:09
| APM promedio | 37.0 |
| APM pico | 85 |
| eAPM promedio | 19.9 |
| Aldeanos / militares | 291 / 101 |
Foco
⚔️ 33.1% · 🌾 66.9%
Spearman ×50 · Mangonel ×15 · Knight ×11 · Archer ×9 · Scout Cavalry ×7 · Scorpion ×5
Feudal
8:56
Castillos
24:05
Imperial
—
| APM promedio | 51.2 |
| APM pico | 124 |
| eAPM promedio | 25.4 |
| Aldeanos / militares | 117 / 78 |
Foco
⚔️ 32.3% · 🌾 67.7%
Scout Cavalry ×38 · Archer ×23 · Skirmisher ×8 · Battering Ram ×3 · Mangonel ×2 · Spearman ×2
Mapa de la partida
Recursos iniciales + cada clic de construcción. Líneas = muros · curvas = relieve. ◆ oro · ⬟ piedra · ● bayas · ✦ reliquia · ◌ hueco del cierre
Tu base· Abierta — hueco de 6t
Base de utjs-tacl· Abierta — hueco de 2t
Terreno inicial suavizado · ◌ = hueco del cierre detectado · pasá el cursor para detalles
Inputs por minuto
— HSL | bonch - - utjs-tacl
Build order — HSL | bonch
Primeras 150 de 438 acciones detectadas
| 0:01 | Encolar | Villager (Male) |
| 0:02 | Construir | House |
| 0:02 | Encolar | Villager (Male) |
| 0:04 | Construir | House |
| 0:13 | Encolar | Villager (Male) |
| 0:25 | Encolar | Villager (Male) |
| 1:35 | Encolar | Villager (Male) |
| 1:58 | Encolar | Villager (Male) |
| 2:09 | Construir | Lumber Camp |
| 2:17 | Encolar | Villager (Male) |
| 2:17 | Encolar | Villager (Male) |
| 2:33 | Encolar | Villager (Male) |
| 2:33 | Encolar | Villager (Male) |
| 2:33 | Encolar | Villager (Male) |
| 3:09 | Encolar | Villager (Male) |
| 3:18 | Encolar | Villager (Male) |
| 3:25 | Encolar | Villager (Male) |
| 3:29 | Encolar | Villager (Male) |
| 3:56 | Construir | House |
| 4:52 | Construir | Mining Camp |
| 5:34 | Investigar | Feudal Age |
| 5:34 | Investigar | Feudal Age |
| 6:32 | Construir | Barracks |
| 6:34 | Encolar | Villager (Male) |
| 7:01 | Investigar | Loom |
| 7:44 | Edad | Edad Feudal |
| 7:47 | Construir | Archery Range |
| 8:03 | Construir | House |
| 8:17 | Encolar | Villager (Male) |
| 8:17 | Encolar | Villager (Male) |
| 8:29 | Encolar | Archer |
| 8:29 | Encolar | Archer |
| 8:29 | Encolar | Archer |
| 8:39 | Construir | House |
| 9:07 | Encolar | Villager (Male) |
| 9:07 | Encolar | Villager (Male) |
| 9:07 | Encolar | Villager (Male) |
| 9:08 | Encolar | Villager (Male) |
| 9:09 | Encolar | Archer |
| 9:16 | Construir | House |
| 9:26 | Encolar | Villager (Male) |
| 9:57 | Encolar | Archer |
| 10:00 | Construir | House |
| 10:08 | Encolar | Villager (Male) |
| 10:28 | Construir | Blacksmith |
| 10:36 | Encolar | Spearman |
| 11:04 | Investigar | Fletching |
| 11:11 | Encolar | Villager (Male) |
| 11:13 | Encolar | Archer |
| 11:31 | Construir | Watch Tower |
| 11:34 | Encolar | Villager (Male) |
| 11:46 | Encolar | Archer |
| 11:53 | Encolar | Spearman |
| 12:02 | Encolar | Villager (Male) |
| 12:02 | Encolar | Villager (Male) |
| 12:02 | Encolar | Villager (Male) |
| 12:03 | Encolar | Villager (Male) |
| 12:23 | Construir | Watch Tower |
| 12:26 | Encolar | Villager (Male) |
| 12:26 | Encolar | Villager (Male) |
| 12:26 | Encolar | Villager (Male) |
| 12:45 | Encolar | Villager (Male) |
| 13:05 | Construir | House |
| 13:15 | Encolar | Villager (Male) |
| 13:18 | Construir | Stable |
| 13:23 | Construir | Mill |
| 13:32 | Construir | House |
| 13:37 | Encolar | Villager (Male) |
| 13:37 | Encolar | Villager (Male) |
| 13:53 | Encolar | Villager (Male) |
| 14:20 | Construir | House |
| 14:27 | Encolar | Scout Cavalry |
| 14:28 | Encolar | Villager (Male) |
| 14:49 | Encolar | Villager (Male) |
| 15:01 | Encolar | Villager (Male) |
| 15:13 | Construir | Mining Camp |
| 15:32 | Encolar | Scout Cavalry |
| 15:37 | Encolar | Villager (Male) |
| 15:51 | Encolar | Villager (Male) |
| 15:55 | Construir | Market |
| 16:04 | Investigar | Horse Collar |
| 16:19 | Construir | Farm |
| 16:21 | Construir | Farm |
| 16:24 | Encolar | Villager (Male) |
| 16:30 | Encolar | Spearman |
| 16:40 | Encolar | Scout Cavalry |
| 16:46 | Construir | Mill |
| 16:54 | Encolar | Villager (Male) |
| 17:14 | Encolar | Villager (Male) |
| 17:33 | Construir | Lumber Camp |
| 18:11 | Investigar | Castle Age |
| 18:11 | Investigar | Castle Age |
| 18:37 | Construir | Watch Tower |
| 18:52 | Encolar | Scout Cavalry |
| 19:06 | Construir | Mining Camp |
| 19:20 | Construir | Farm |
| 19:20 | Construir | Farm |
| 19:20 | Construir | Farm |
| 19:21 | Construir | Farm |
| 19:21 | Construir | Farm |
| 19:21 | Construir | Farm |
| 19:43 | Construir | House |
| 19:44 | Construir | House |
| 19:51 | Encolar | Villager (Male) |
| 20:32 | Encolar | Archer |
| 20:32 | Encolar | Archer |
| 20:50 | Edad | Edad de los Castillos |
| 20:59 | Construir | Siege Workshop |
| 21:04 | Encolar | Villager (Male) |
| 21:13 | Encolar | Scout Cavalry |
| 21:14 | Encolar | Scout Cavalry |
| 21:14 | Encolar | Scout Cavalry |
| 21:18 | Investigar | Double-Bit Axe |
| 21:19 | Encolar | Villager (Male) |
| 21:46 | Encolar | Mangonel |
| 21:46 | Encolar | Mangonel |
| 21:48 | Construir | House |
| 22:09 | Encolar | Knight |
| 22:09 | Encolar | Knight |
| 22:13 | Encolar | Villager (Male) |
| 22:15 | Construir | Farm |
| 22:16 | Construir | Farm |
| 22:28 | Construir | Watch Tower |
| 22:36 | Investigar | Bodkin Arrow |
| 22:42 | Encolar | Villager (Male) |
| 22:43 | Encolar | Villager (Male) |
| 22:43 | Encolar | Villager (Male) |
| 22:58 | Construir | Town Center |
| 23:16 | Encolar | Villager (Male) ×3 |
| 23:50 | Construir | Watch Tower |
| 23:57 | Encolar | Villager (Male) |
| 23:59 | Encolar | Mangonel |
| 24:15 | Encolar | Villager (Male) |
| 24:19 | Construir | Mill |
| 24:22 | Encolar | Villager (Male) |
| 24:39 | Encolar | Mangonel |
| 24:40 | Encolar | Villager (Male) |
| 24:40 | Encolar | Villager (Male) |
| 24:41 | Encolar | Villager (Male) |
| 25:09 | Construir | Monastery |
| 25:12 | Encolar | Villager (Male) ×3 |
| 25:23 | Encolar | Knight |
| 25:23 | Encolar | Knight |
| 25:31 | Encolar | Villager (Male) |
| 26:05 | Encolar | Villager (Male) ×5 |
| 26:07 | Encolar | Monk |
| 26:10 | Construir | Barracks |
| 26:11 | Construir | Barracks |
| 26:36 | Construir | Farm |
| 26:36 | Construir | Farm |
Build order — utjs-tacl
Primeras 150 de 370 acciones detectadas
| 0:00 | Encolar | Villager (Male) |
| 0:01 | Encolar | Villager (Male) |
| 0:02 | Construir | House |
| 0:04 | Construir | House |
| 0:17 | Encolar | Villager (Male) |
| 0:18 | Encolar | Villager (Male) |
| 0:18 | Encolar | Villager (Male) |
| 1:27 | Encolar | Villager (Male) |
| 1:27 | Encolar | Villager (Male) |
| 1:28 | Encolar | Villager (Male) |
| 1:50 | Construir | Lumber Camp |
| 1:54 | Encolar | Villager (Male) |
| 2:27 | Encolar | Villager (Male) |
| 2:28 | Encolar | Villager (Male) |
| 2:53 | Encolar | Villager (Male) |
| 2:53 | Encolar | Villager (Male) |
| 3:32 | Construir | House |
| 3:40 | Encolar | Villager (Male) |
| 3:40 | Encolar | Villager (Male) |
| 4:08 | Encolar | Villager (Male) |
| 4:08 | Encolar | Villager (Male) |
| 4:52 | Encolar | Villager (Male) |
| 5:16 | Encolar | Villager (Male) |
| 5:46 | Encolar | Villager (Male) |
| 5:52 | Construir | Mill |
| 6:04 | Encolar | Villager (Male) |
| 6:47 | Investigar | Feudal Age |
| 6:47 | Investigar | Feudal Age |
| 7:06 | Construir | House |
| 7:37 | Construir | Barracks |
| 7:47 | Encolar | Villager (Male) |
| 7:47 | Encolar | Villager (Male) |
| 7:51 | Investigar | Loom |
| 7:51 | Encolar | Villager (Male) |
| 8:45 | Encolar | Villager (Male) |
| 8:56 | Edad | Edad Feudal |
| 9:07 | Encolar | Villager (Male) |
| 9:12 | Construir | Archery Range |
| 9:17 | Construir | Stable |
| 9:23 | Encolar | Spearman |
| 9:56 | Encolar | Villager (Male) |
| 9:57 | Encolar | Villager (Male) |
| 10:09 | Encolar | Skirmisher |
| 10:10 | Encolar | Skirmisher |
| 10:15 | Encolar | Villager (Male) |
| 10:29 | Construir | Lumber Camp |
| 10:31 | Construir | Farm |
| 10:32 | Construir | Farm |
| 10:41 | Construir | House |
| 10:53 | Investigar | Double-Bit Axe |
| 10:53 | Investigar | Double-Bit Axe |
| 11:11 | Encolar | Skirmisher |
| 11:16 | Encolar | Spearman |
| 11:21 | Construir | Farm |
| 11:37 | Construir | Farm |
| 11:47 | Construir | Farm |
| 11:50 | Encolar | Villager (Male) |
| 12:05 | Encolar | Skirmisher |
| 12:08 | Construir | House |
| 12:14 | Construir | House |
| 12:16 | Construir | Blacksmith |
| 12:19 | Investigar | Wheelbarrow |
| 12:19 | Investigar | Wheelbarrow |
| 12:22 | Encolar | Skirmisher |
| 12:26 | Construir | House |
| 12:39 | Encolar | Skirmisher |
| 12:42 | Construir | Watch Tower |
| 13:06 | Construir | Farm |
| 13:09 | Construir | Farm |
| 13:12 | Encolar | Skirmisher |
| 13:18 | Construir | Farm |
| 13:24 | Construir | Farm |
| 13:46 | Encolar | Villager (Male) |
| 14:00 | Construir | Farm |
| 14:08 | Construir | Farm |
| 14:29 | Encolar | Skirmisher |
| 14:32 | Encolar | Villager (Male) |
| 14:35 | Construir | Market |
| 14:55 | Encolar | Villager (Male) |
| 15:12 | Encolar | Villager (Male) |
| 15:17 | Construir | Farm |
| 15:28 | Encolar | Villager (Male) |
| 15:42 | Construir | Town Center |
| 15:51 | Encolar | Villager (Male) |
| 16:19 | Encolar | Villager (Male) |
| 16:50 | Investigar | Fletching |
| 16:50 | Investigar | Fletching |
| 17:07 | Encolar | Villager (Male) |
| 17:26 | Encolar | Villager (Male) |
| 17:50 | Encolar | Villager (Male) |
| 17:50 | Encolar | Villager (Male) |
| 17:57 | Construir | Mill |
| 18:04 | Encolar | Villager (Male) |
| 18:04 | Encolar | Villager (Male) |
| 18:05 | Encolar | Villager (Male) |
| 18:23 | Encolar | Villager (Male) |
| 18:28 | Construir | Farm |
| 18:52 | Encolar | Villager (Male) |
| 19:01 | Encolar | Villager (Male) |
| 19:02 | Encolar | Villager (Male) |
| 19:07 | Construir | Farm |
| 19:11 | Construir | Farm |
| 19:23 | Encolar | Villager (Male) |
| 19:23 | Encolar | Villager (Male) |
| 19:38 | Encolar | Villager (Male) |
| 19:44 | Construir | Farm |
| 19:46 | Construir | Farm |
| 19:49 | Construir | Farm |
| 19:52 | Construir | Farm |
| 20:00 | Encolar | Villager (Male) |
| 20:04 | Encolar | Villager (Male) |
| 20:08 | Construir | Farm |
| 20:13 | Construir | Lumber Camp |
| 20:14 | Construir | Farm |
| 20:35 | Encolar | Villager (Male) |
| 20:53 | Encolar | Villager (Male) |
| 21:01 | Construir | Lumber Camp |
| 21:02 | Encolar | Villager (Male) |
| 21:03 | Encolar | Villager (Male) |
| 21:24 | Investigar | Castle Age |
| 21:26 | Encolar | Villager (Male) |
| 21:28 | Encolar | Villager (Male) |
| 21:35 | Construir | House |
| 21:37 | Construir | House |
| 21:41 | Construir | House |
| 21:53 | Encolar | Villager (Male) |
| 22:13 | Encolar | Villager (Male) |
| 22:39 | Encolar | Villager (Male) |
| 22:43 | Encolar | Villager (Male) |
| 22:46 | Construir | Farm |
| 22:47 | Construir | Farm |
| 23:48 | Encolar | Villager (Male) |
| 23:59 | Construir | Farm |
| 24:00 | Construir | Farm |
| 24:00 | Construir | Farm |
| 24:03 | Construir | Farm |
| 24:03 | Construir | Farm |
| 24:04 | Encolar | Villager (Male) |
| 24:05 | Edad | Edad de los Castillos |
| 24:12 | Construir | Siege Workshop |
| 24:20 | Encolar | Villager (Male) |
| 24:29 | Construir | Farm |
| 24:31 | Encolar | Villager (Male) |
| 24:40 | Construir | Lumber Camp |
| 24:59 | Encolar | Mangonel |
| 25:02 | Encolar | Villager (Male) |
| 25:07 | Investigar | Scale Barding Armor |
| 25:07 | Investigar | Scale Barding Armor |
| 25:12 | Construir | Stable |
| 25:14 | Construir | Stable |
Cronología de la partida
| 6:32 | HSL | bonch · first_building Barracks |
| 7:37 | utjs-tacl · first_building Barracks |
| 7:44 | HSL | bonch · age_up feudal |
| 7:47 | HSL | bonch · first_building Archery Range |
| 8:56 | utjs-tacl · age_up feudal |
| 9:12 | utjs-tacl · first_building Archery Range |
| 9:17 | utjs-tacl · first_building Stable |
| 13:18 | HSL | bonch · first_building Stable |
| 15:34 | utjs-tacl · first_market_sell 100 wood |
| 15:37 | utjs-tacl · first_market_buy 100 stone |
| 17:48 | HSL | bonch · first_market_buy 100 food |
| 17:49 | HSL | bonch · first_market_sell 100 wood |
| 20:50 | HSL | bonch · age_up castle |
| 20:59 | HSL | bonch · first_building Siege Workshop |
| 24:05 | utjs-tacl · age_up castle |
| 24:12 | utjs-tacl · first_building Siege Workshop |
| 25:09 | HSL | bonch · first_building Monastery |
| 28:42 | HSL | bonch · wall_segment Palisade Wall x1 |
| 28:44 | HSL | bonch · wall_segment Palisade Wall x1 |
| 28:46 | HSL | bonch · wall_segment Palisade Wall x1 |
| 28:48 | HSL | bonch · wall_segment Palisade Wall x1 |
| 44:33 | HSL | bonch · first_building Castle |
| 46:09 | HSL | bonch · age_up imperial |
| 47:42 | utjs-tacl · first_building Monastery |
| 50:40 | utjs-tacl · resign |
[ ANÁLISIS IA · 1 CRÉDITO ]
¿Qué pasó realmente en esta partida?
Wolo.gg analiza cada decisión: build order, eco, micro, errores típicos por bracket. Análisis personalizado por WhatsApp o Discord en 30 segundos.
Guía civ
Mongoles
Perfil
Jugador #2760236